 Dungeon Crawl Stone Soup version 0.27-a0-1200-g94dc6ad4cf (webtiles) character file.

Game seed: 5311361991995486490

3193 deadmanwalking the Thaumaturge (level 10, -2/73 HPs)
             Began as a Djinni Conjurer on May 31, 2021.
             Was a Believer of Makhleb.
             Slain by Harold
             ... wielding a +0 flail
              (17 damage)
             ... on level 8 of the Dungeon on June 1, 2021.
             The game lasted 00:29:14 (9221 turns).

deadmanwalking the Thaumaturge (Djinni Conjurer)    Turns: 9221, Time: 00:29:15

Health: -2/73      AC:  9    Str:  6    XL:     10   Next: 16%
Gold:   412        EV:  6    Int: 22    God:    Makhleb [**....] SH:  0 Dex: 13

rFire    + + .     SeeInvis .   a - +0 dagger (vamp)
rCold    . . .     Faith    .   (no shield)
rNeg     . . .     Spirit   .   g - +3 leather armour
rPois    ∞         Reflect  +   (no helmet)
rElec    .         Harm     .   z - +1 cloak
rCorr    .         Rampage  .   x - +0 pair of gloves
Will     +....                  (boots unavailable)
Stlth    ++........             m - amulet of reflection
HPRegen  0.22/turn              B - ring of protection from cold
MPRegen  0.00/turn              (no ring)

@: flying, held
A: sickness immunity, fire resistance 2, cold vulnerability 1, float, innate
caster, hp casting, extra vitality 1
a: Renounce Religion, Minor Destruction


You were on level 8 of the Dungeon.
You worshipped Makhleb.
Makhleb was pleased with you.
You visited 2 branches of the dungeon, and saw 9 of its levels.

You collected 412 gold pieces.

Inventory:

Hand Weapons
 a - a +0 vampiric dagger (weapon)
 b - a +0 hunting sling
Missiles
 e - 41 arrows
 f - 6 curare-tipped darts
 h - 22 sling bullets
 j - 119 stones
 s - 24 poisoned darts
Armour
 c - a +0 robe
 g - a +3 leather armour (worn)
 x - a +0 pair of gloves (worn)
 z - a +1 cloak (worn)
Jewellery
 m - an amulet of reflection (around neck)
 B - a ring of protection from cold (left hand)
Scrolls
 i - a scroll of fear {unknown}
 l - a scroll of noise {unknown}
 o - a scroll of fog {unknown}
 p - a scroll of enchant weapon {unknown}
 r - a scroll of acquirement {unknown}
 t - a scroll of summoning {unknown}
 y - a scroll of torment {unknown}
 A - a scroll of magic mapping
 D - 4 scrolls of immolation
 G - 2 scrolls of teleportation
Potions
 d - a potion of berserk rage
 k - a potion of magic {unknown}
 n - 3 potions of curing
 q - 2 potions of degeneration {unknown}
 u - 3 potions of heal wounds {unknown}
 v - 2 potions of lignification {unknown}
 E - a potion of cancellation {unknown}


   Skills:
 + Level 6.8 Fighting
 - Level 2.1 Dodging
 - Level 1.5 Stealth
 * Level 8.4 Spellcasting
 + Level 5.8 Invocations


You had 2 spell levels left.
You knew the following spells:

 Your Spells              Type           Power      Damage    Failure   Level
a - Magic Dart            Conj           100%       1d8       1%          1
b - Searing Ray           Conj           92%        3d6       1%          2
c - Dazzling Flash        Conj/Hex       92%        N/A       1%          3
d - Fulminant Prism       Conj/Hex       23%        3d13      3%          4
e - Iskenderun's Mystic   Conj/Tloc      46%        2d10      3%          4
f - Corona                Hex            51%        N/A       1%          1
g - Poisonous Vapours     Pois/Air       92%        N/A       1%          2
h - Summon Guardian Gole  Hex/Summ       46%        N/A       1%          3
i - Mephitic Cloud        Conj/Pois/Air  46%        N/A       1%          3
Your spell library was empty.

Dungeon Overview and Level Annotations

Branches:
Dungeon (8/15)             Temple (1/1) D:6
   Lair: D:8-11

Altars:
Ashenzari
Cheibriados
Dithmenos
Elyvilon
Fedhas
Gozag
Hepliaklqana
Kikubaaqudgha
Makhleb
Nemelex Xobeh
Okawaru
Qazlal
Ru
Sif Muna
Trog
Uskayaw
Vehumet
Wu Jian
Xom
Yredelemnul
Zin
The Shining One

Shops:
D:4 (

Annotations:
D:4 2 runed translucent doors, Firecrotchwizard's ghost, amateur HOMo
D:7 2 transporters
D:8 Harold


Innate Abilities, Weirdness & Mutations

You are immune to sickness and miasma.
You are immune to poison.
Your flesh is very heat resistant. (rF++)
You are vulnerable to cold. (rC-)
You float through the air rather than walking.
You learn spells naturally, not from books.
Your magical power is your life essence.
You have superior vitality. (+4 HP)


Message History

Harold throws a throwing net.
The throwing net hits you.
You become entangled in the net!
The searing ray hits Harold!
Harold is lightly wounded.
The searing ray hits Harold!
Harold is moderately wounded.
Harold says, "Try to look on the bright side.
Your death will help put my children through school."
The searing ray hits Harold!
Harold is heavily wounded.
You finish channeling your searing ray.
Harold gestures at you while chanting.
You barely resist.
Casting: Searing Ray (safe; 1% risk of failure)
Confirm with . or Enter, or press ? or * to list all spells.
Aiming: Searing Ray (safe; 1% risk of failure)
Press: ? - help, Shift-Dir - straight line, f/p - Harold
Aim: Harold, wielding a +0 flail, wearing a +0 scale mail and quivering 3 throwing nets (heavily wounded, 89% to hit)
The searing ray hits Harold!
Harold is severely wounded. (Press . to maintain the ray.) Harold hits you with a +0 flail!!
The searing ray hits Harold!
Harold is severely wounded.
A wight comes into view. It is wielding a +4 scimitar.
Harold hits you with a +0 flail!
The searing ray hits Harold!
Harold is severely wounded.
Harold hits you with a +0 flail!!
* * * LOW HITPOINT WARNING * * *
Casting: Searing Ray (safe; 1% risk of failure)
Confirm with . or Enter, or press ? or * to list all spells.
Aiming: Searing Ray (safe; 1% risk of failure)
Press: ? - help, Shift-Dir - straight line, f/p - Harold
Aim: Harold, wielding a +0 flail, wearing a +0 scale mail and quivering 3 throwing nets (severely wounded, 89% to hit)
The searing ray hits Harold!
Harold is almost dead. (Press . to maintain the ray.)
* * * LOW HITPOINT WARNING * * *
Harold hits you with a +0 flail!
You die...

... ###....
#.######.......
#.#......#
#.#.####....!..
#.#.# .##.### #.#.#
.# .. #.#@# .# #
###.#@# .# #.)...#
.. #.#.############
#####.#.<..........#
#...#'############.#
#......)..# #.#
#.........# #.#
#.........# #.#
+.........# #.#


You could see Harold.

Vanquished Creatures
  Pikel (D:6)
  A troll (D:6)
  A water moccasin (D:6)
  Edmund (D:6)
  An ice beast (D:6)
  3 sky beasts
  3 black bears
  2 necrophages
  An ogre (D:5)
  A centaur (D:5)
  A phantom (D:5)
  A kobold brigand (D:6)
  A bullfrog (D:7)
  A gnoll sergeant (D:6)
  A scorpion (D:6)
  A water moccasin skeleton (D:7)
  10 wights
  2 jellies
  A centaur zombie (D:7)
  3 orc priests (D:6)
  A hound (D:4)
  A centaur skeleton (D:5)
  2 iguanas
  2 orc wizards
  3 gnolls
  3 adders
  A shadow imp (D:5)
  A white imp (D:5)
  An ufetubus (D:4)
  A worm (D:3)
  6 dart slugs
  25 orcs
  11 ball pythons
  5 bats
  4 endoplasms
  A giant cockroach (D:1)
  5 hobgoblins
  6 jackals
  10 kobolds
  5 quokkas
  3 frilled lizards
  9 goblins
  6 rats
149 creatures vanquished.

Vanquished Creatures (others)
  An orc wizard (D:6)
  A bat (D:2)
2 creatures vanquished.

Grand Total: 151 creatures vanquished

Notes
Turn   | Place    | Note
-------+----------+-------------------------------------------
     0 | D:1      | deadmanwalking the Djinni Conjurer began the quest for the
                  | Orb.
     0 | D:1      | Reached XP level 1. HP: 15/15 MP: 0/0
   335 | D:1      | Reached XP level 2. HP: 21/22 MP: 0/0
   813 | D:1      | Reached XP level 3. HP: 23/26 MP: 0/0
   813 | D:1      | Learned a level 1 spell: Corona
   872 | D:1      | Reached skill level 1 in Fighting
  1049 | D:1      | Found a faded altar of an unknown god.
  2157 | D:2      | Reached skill level 4 in Spellcasting
  2423 | D:3      | Reached XP level 4. HP: 30/32 MP: 0/0
  3034 | D:3      | Found an ornate altar of the Wu Jian Council.
  3298 | D:4      | Reached XP level 5. HP: 37/38 MP: 0/0
  3298 | D:4      | Learned a level 2 spell: Poisonous Vapours
  3337 | D:4      | Found Bacveorch's Antique Weapon Emporium.
  3732 | D:4      | Reached XP level 6. HP: 40/45 MP: 0/0
  3735 | D:4      | Reached skill level 5 in Spellcasting
  3995 | D:4      | Found a large runed translucent door.
  3996 | D:4      | Found a large runed translucent door.
  3999 | D:4      | Noticed Firecrotchwizard's ghost (amateur HOMo)
  4363 | D:4      | Found a faded altar of an unknown god.
  4363 | D:4      | Found a faded altar of an unknown god.
  4373 | D:4      | Found a broken altar of Ashenzari.
  4375 | D:4      | Found a glowing golden altar of the Shining One.
  4376 | D:4      | Found a sacrificial altar of Ru.
  4613 | D:4      | Found a burning altar of Makhleb.
  4619 | D:4      | Became a worshipper of Makhleb the Destroyer
  4894 | D:5      | Entered Level 5 of the Dungeon
  5064 | D:5      | Reached XP level 7. HP: 41/50 MP: 0/0
  5064 | D:5      | Learned a level 3 spell: Summon Guardian Golem
  5142 | D:5      | Reached skill level 1 in Invocations
  5579 | D:5      | Reached XP level 8. HP: 51/58 MP: 0/0
  5585 | D:5      | Found a hazy altar of Hepliaklqana.
  5585 | D:5      | You are sucked into a shaft and drop 2 floors!
  5603 | D:6      | Reached skill level 6 in Spellcasting
  6078 | D:6      | Noticed Edmund
  6142 | D:6      | Reached * piety under Makhleb
  6200 | D:6      | Reached skill level 5 in Fighting
  6390 | D:6      | Reached XP level 9. HP: 47/65 MP: 0/0
  6390 | D:6      | Learned a level 3 spell: Mephitic Cloud
  6395 | D:6      | Reached skill level 7 in Spellcasting
  6782 | D:5      | Found a shadowy altar of Dithmenos.
  7273 | D:6      | Noticed Pikel
  7290 | D:6      | Killed Pikel
  7291 | D:6      | Reached skill level 5 in Invocations
  7357 | D:6      | Found a staircase to the Ecumenical Temple.
  7365 | Temple   | Entered the Ecumenical Temple
  7777 | D:6      | Killed Edmund
  7778 | D:6      | Reached skill level 8 in Spellcasting
  7890 | D:6      | Reached ** piety under Makhleb
  8062 | D:6      | Noticed a troll
  8067 | D:6      | Killed a troll
  8068 | D:6      | Reached XP level 10. HP: 65/73 MP: 0/0
  8358 | D:7      | Found a transporter.
  8768 | D:7      | Found a transporter.
  9212 | D:8      | Noticed Harold
  9221 | D:8      | Slain by Harold

Illustrated notes

Levels and vault maps discovered:
D:1:      sevenhm_arrival_forest_fort_large_1, layout_basic,
          ebering_ecumenical_altar_box
D:2:      layout_rooms, lemuel_flame_loot_1
D:3:      layout_loops_ring, pdpol_wu_jian_five_deadly_venoms,
          minmay_misc_feat_room
D:4:      layout_loops_corners, general_overflow_altar,
          chequers_temple_overflow_minitemple, ebering_ghost_disaster_area,
          serial_shops, shop
D:5:      layout_rooms, riverfiend_overflow_shadow_ancestor
D:6:      cheibrodos_thug_alley, layout_loops_ring,
          minmay_temple_entry_junction, uniq_edmund, uniq_pikel
D:7:      gammafunk_the_bubble [the_bubble_gammafunk_crates], layout_loops_ring,
          minmay_crystal_room, minivault_24, hangedman_decor_growths
D:8:      layout_basic, uniq_harold, uniq_maurice
Temple:   regret_index_temple_waves

Skill      XL: |  1  2  3  4  5  6  7  8  9 |
---------------+----------------------------+-----
Fighting       | 1 2 3 4 5 6 |  6.8
Spellcasting   | 4 5 6 8 |  8.4
Invocations    | 2 3 5 |  5.8
Dodging        | |  2.1
Stealth        | |  1.5

Action                   |  1- 3 |  4- 6 |  7- 9 | 10-12 || total
-------------------------+-------+-------+-------+-------++-------
Melee: Dagger            |     1 |     7 |       |       ||     8
 Fire: Hunting sling     |       |    21 |       |       ||    21
 Cast: Magic Dart        |    72 |    58 |    75 |    16 ||   221
       Searing Ray       |     2 |    13 |    37 |     9 ||    61
       Poisonous Vapours |       |       |     2 |       ||     2
       Mephitic Cloud    |       |       |     5 |       ||     5
  Use: Scroll            |       |     5 |     4 |     1 ||    10
Armor: Robe              |     1 |     3 |     6 |       ||    10
       Leather armour    |       |       |       |     4 ||     4
Dodge: Dodged            |     6 |    10 |    16 |     6 ||    38
Block: Other             |       |     2 |     4 |     1 ||     7

Table legend: (Time is in decaauts)
 A = Elapsed time spent in this place.
 B = Non-inter-level travel time spent in this place.
 C = Inter-level travel time spent in this place.
 D = Time resting spent in this place.
 E = Time spent auto-exploring this place.
 F = Levels seen in this place.
 G = Mean time per level.
                   A        B        C        D        E       F      G
               +--------+--------+--------+--------+--------+-----+--------+
         Total |   9233 |   8548 |    685 |     76 |   7368 |   9 | 1025.9 |
       Dungeon |   9103 |   8446 |    657 |     76 |   7278 |   8 | 1137.9 |
        Temple |    129 |    101 |     28 |      0 |     90 |   1 |  129.0 |
               +--------+--------+--------+--------+--------+-----+--------+

Top non-repeatable levels by time:
     D:6: 1929 daAuts
     D:1: 1632 daAuts
     D:4: 1597 daAuts
     D:5: 1230 daAuts
     D:3: 1105 daAuts
     D:7: 859 daAuts
     D:2: 651 daAuts
  Temple: 129 daAuts
     D:8: 96 daAuts
